 Dungeon Crawl Stone Soup version 0.28.0 (webtiles) character file.

Game seed: 16198690557855955580

1281 Cykl0x the Digger (level 8, -5/48 HPs)
             Began as a Gargoyle Earth Elementalist on Feb 9, 2022.
             Was a Follower of Zin.
             Killed by divine providence
             ... invoked by an orc priest
              (15 damage)
             ... on level 6 of the Dungeon.
             The game lasted 00:14:19 (8384 turns).

Cykl0x the Digger (Gargoyle Earth Elementalist)     Turns: 8384, Time: 00:14:20

Health: -5/48      AC: 13    Str: 17    XL:     8   Next: 54%
Magic:  6/14       EV: 10    Int: 19    God:    Zin [*.....]
Gold:   246        SH:  0    Dex: 10    Spells: 11/15 levels left

rFire   . . .      SeeInvis .   l - +2 falchion
rCold   . . .      Faith    .   (no shield)
rNeg    + . .      Spirit   .   a - +0 scale mail
rPois   ∞          Reflect  +   (no helmet)
rElec   +          Harm     .   (no cloak)
rCorr   .          Rampage  .   (no gloves)
Will    .....                   t - +0 pair of boots
Stlth   ..........              i - amulet of reflection
HPRegen 0.16/turn               q - +6 ring of strength
MPRegen 0.14/turn               (no ring)

@: confused, very slightly contaminated
A: sickness immunity, AC +5, negative energy resistance 1, electricity
resistance, torment resistance 1, petrification resistance
a: Renounce Religion, Recite, Donate Gold


You were on level 6 of the Dungeon.
You worshipped Zin.
Zin was aware of your devotion.
You visited 2 branches of the dungeon, and saw 7 of its levels.

You collected 273 gold pieces.
You donated 27 gold pieces to Zin.

Inventory:

Hand Weapons
 d - a +0 short sword
 j - a +2 dagger of flaming
 k - a +1 dagger of speed
 l - a +2 falchion (weapon)
Missiles
 c - 171 stones
 h - 2 curare-tipped darts
Armour
 a - a +0 scale mail (worn)
 b - a +0 robe
 m - a +0 leather armour
 p - a +0 kite shield
 s - a +0 ring mail
 t - a +0 pair of boots (worn)
Jewellery
 i - an amulet of reflection (around neck)
 q - a +6 ring of strength (left hand)
Wands
 o - a wand of flame (14)
Scrolls
 n - 3 scrolls of teleportation
 r - 3 scrolls of fear
Potions
 e - 4 potions of lignification
 f - 3 potions of might
 g - a potion of attraction


   Skills:
 * Level 4.4 Fighting
 - Level 1.4 Short Blades
 + Level 3.4 Armour
 + Level 2.6 Dodging
 - Level 2.1 Stealth
 + Level 0.9 Shields
 + Level 4.2 Spellcasting
 + Level 4.6 Conjurations
 + Level 0.7 Transmutations
 + Level 6.1 Earth Magic
 * Level 1.7 Invocations


You had 11 spell levels left.
You knew the following spells:

 Your Spells              Type           Power      Damage    Failure   Level
a - Sandblast             Erth           54%        2d13      3%          1
b - Stone Arrow           Conj/Erth      48%        3d10      14%         3

Your spell library contained the following spells:

 Spells                   Type           Power      Damage    Failure   Level
 Passwall                 Tmut/Erth      14%        N/A       16%         2
 Beastly Appendage        Tmut           12%        N/A       32%         1
 Sting                    Tmut/Pois      20%        1d4       36%         1
 Poisonous Vapours        Pois/Air       8%         N/A       54%         2
 Petrify                  Tmut/Erth      17%        N/A       71%         4
 Olgreb's Toxic Radiance  Pois           4%         N/A       99%         4
 Conjure Ball Lightning   Conj/Air       6%         3x3d6     100%        6
 Eringya's Noxious Bog    Tmut/Pois      2%         N/A       100%        6
 Discord                  Hex            2%         N/A       100%        8
 Disjunction              Tloc           2%         N/A       100%        8


Dungeon Overview and Level Annotations

Branches:
Dungeon (6/15)             Temple (1/1) D:6

Altars:
Ashenzari
Cheibriados
Dithmenos
Elyvilon
Fedhas
Gozag
Hepliaklqana
Kikubaaqudgha
Makhleb
Nemelex Xobeh
Okawaru
Qazlal
Ru
Sif Muna
Trog
Uskayaw
Vehumet
Wu Jian
Xom
Yredelemnul
Zin

Annotations:
D:5 2 transporters, Akaron's ghost, novice OpWr


Innate Abilities, Weirdness & Mutations

You are immune to sickness and miasma.
Your stone body is resilient. (AC +5)
You are immune to poison.
You resist negative energy. (rN+)
You are resistant to electric shocks. (rElec)
You are resistant to unholy torment.
You are immune to petrification.


Message History

Found 5 poisoned darts.
You see here 5 poisoned darts.
Found a stone staircase leading up.
Found a flail.
An orc wizard and an orc come into view.
Found a stone staircase leading down.
The orc shouts!
An orc priest comes into view. It is wielding a +0 hand axe.
An orc wizard comes into view. It is wielding a +0 dagger of draining.
Found 16 gold pieces.
The orc wizard shouts!
The orc wizard points at you and mumbles some strange words.
The magic dart hits you.
The stone arrow misses the orc.
The stone arrow hits the orc priest!
The orc priest is almost dead.
The stone arrow hits the orc!!
You kill the orc!
The orc wizard gestures at you while chanting.
The puff of flame hits you!
You miscast Stone Arrow.
You are very lightly contaminated with residual magic.
The air around you crackles with energy.
The orc priest calls down the wrath of Beogh upon you.
Pain shoots through your body!
You barely miss the orc priest.
The orc priest is almost dead.
The orc wizard mumbles some strange words.
The orc wizard flickers and vanishes!
Deactivating autopickup; reactivate with Ctrl-A.
You closely miss the orc wizard.
The orc priest invokes the aid of Beogh against you.
Beogh smites you!
* * * LOW HITPOINT WARNING * * *
A magic dart appears from out of thin air!
The magic dart hits you but does no damage.
The orc wizard points at you and mumbles some strange words.
You are confused.
The orc priest mumbles some strange prayers to Beogh against you.
Beogh smites you!
You die...

#..(....##.#
##...##
##########.#
##.....## ##.#.#
##.......#
##....###.........#
#.......'.........+
##....###.........#
#####.#.#
##.......##
#<....#.# ##.....##
#.....#@# ##...##
#.......# #+##
###....o###
#.....$o#
#.###.#..)$...# #.
#.#.......# #
#)#.....>.#
#.........#
###.......#


You could see an orc priest and an orc wizard.

Vanquished Creatures
  Sigmund (D:4)
  2 water moccasins (D:6)
  A black bear (D:6)
  3 ogres
  A wyvern zombie (D:5)
  A water moccasin skeleton (D:3)
  A bullfrog zombie (D:6)
  A gnoll shaman (D:4)
  3 hounds
  A jelly (D:6)
  A centaur skeleton (D:6)
  3 iguanas
  A gnoll (D:4)
  3 adders
  A shadow imp (D:6)
  2 adder skeletons
  3 dart slugs
  12 orcs
  3 bats
  11 endoplasms
  13 goblins
  6 hobgoblins
  17 jackals
  2 quokkas (D:1)
  8 ball pythons
  2 frilled lizards (D:2)
  6 kobolds
  4 rats
113 creatures vanquished.

Vanquished Creatures (others)
  37 plants (D:4)
37 creatures vanquished.

Grand Total: 150 creatures vanquished

Notes
Turn   | Place    | Note
-------+----------+-------------------------------------------
     0 | D:1      | Cykl0x the Gargoyle Earth Elementalist began the quest for
                  | the Orb.
     0 | D:1      | Reached XP level 1. HP: 10/10 MP: 3/3
   258 | D:1      | Reached XP level 2. HP: 11/16 MP: 1/5
   259 | D:1      | Reached skill level 1 in Conjurations
   461 | D:1      | Reached skill level 4 in Earth Magic
   919 | D:1      | Reached XP level 3. HP: 20/20 MP: 4/6
   923 | D:1      | Learned a level 3 spell: Stone Arrow
  1642 | D:2      | Found a faded altar of an unknown god.
  1750 | D:2      | Reached skill level 1 in Fighting
  1878 | D:2      | Reached XP level 4. HP: 10/25 MP: 2/7
  3316 | D:3      | Reached XP level 5. HP: 15/29 MP: 1/9
  4027 | D:3      | Reached skill level 1 in Short Blades
  5059 | D:4      | Noticed Sigmund
  5098 | D:4      | Killed Sigmund
  5099 | D:4      | Reached skill level 1 in Armour
  5099 | D:4      | Reached XP level 6. HP: 18/36 MP: 1/10
  5271 | D:4      | Reached skill level 5 in Earth Magic
  5489 | D:4      | Found a hide-covered altar of Uskayaw.
  5528 | D:4      | Found a blossoming altar of Fedhas.
  5530 | D:4      | Found a white marble altar of Elyvilon.
  5938 | D:5      | Entered Level 5 of the Dungeon
  5973 | D:5      | Reached XP level 7. HP: 40/40 MP: 1/11
  6105 | D:5      | Found a transporter.
  6108 | D:5      | Noticed a two-headed ogre
  6108 | D:5      | Noticed Akaron's ghost (novice OpWr)
  6109 | D:5      | Found a transporter.
  6531 | D:5      | Got Sif Muna's Tome of Shape Shifting
  7464 | D:6      | Reached XP level 8. HP: 48/48 MP: 6/14
  7583 | D:6      | Found a staircase to the Ecumenical Temple.
  7590 | Temple   | Entered the Ecumenical Temple
  7721 | Temple   | Became a worshipper of Zin the Law-Giver
  7721 | Temple   | Reached * piety under Zin
  7952 | D:6      | Reached skill level 1 in Invocations
  8069 | D:6      | Reached skill level 6 in Earth Magic
  8384 | D:6      | Killed from afar by an orc priest

Illustrated notes

Levels and vault maps discovered:
D:1:      dpeg_arrival_central, layout_basic, minmay_tromino_v2
D:2:      kennysheep_the_goblin_king, layout_basic, basic_ecumenical_altar,
          minmay_small_reverse_x
D:3:      layout_basic
D:4:      wad_woods_pond, layout_loops_ring, nicolae_overflow_hidden_temple,
          uniq_sigmund
D:5:      layout_basic, gammafunk_ghost_arena
D:6:      layout_loops_corners, minmay_temple_entry_butterflies
Temple:   compressed_dpeg_circular_temple

Skill      XL: |  1  2  3  4  5  6  7  8 |
---------------+-------------------------+-----
Conjurations   | 1 2 3 4 |  4.6
Earth Magic    | 4 5 6 |  6.1
Fighting       | 1 2 4 |  4.4
Dodging        | 2 |  2.6
Short Blades   | 1 |  1.4
Armour         | 1 2 3 |  3.4
Spellcasting   | 3 4 |  4.2
Invocations    | 1 |  1.7
Stealth        | |  2.1
Shields        | |  0.9
Transmutations | |  0.7

Action                   |  1- 3 |  4- 6 |  7- 9 || total
-------------------------+-------+-------+-------++-------
Melee: Short sword       |    63 |     4 |       ||    67
       Dagger            |       |    96 |       ||    96
       Punch             |       |     1 |       ||     1
       Falchion          |       |     3 |    40 ||    43
 Cast: Sandblast         |    24 |    10 |     4 ||    38
       Stone Arrow       |    10 |    46 |    47 ||   103
  Use: Scroll            |     2 |     5 |     2 ||     9
       Potion            |       |     2 |       ||     2
Armor: Robe              |    23 |    12 |       ||    35
       Leather armour    |       |     5 |       ||     5
       Ring mail         |       |    11 |    25 ||    36
       Scale mail        |       |       |     1 ||     1
Dodge: Dodged            |    58 |    44 |    30 ||   132
Block: Other             |       |    18 |    14 ||    32
